 Dungeon Crawl Stone Soup version 0.25-a0-583-g696c2ac64d (webtiles) character file.

Game seed: 5840386448198742602, levelgen mode: deterministic

5 Dustman the Grasshopper (level 1, 0/17 HPs)
             Began as a Barachi Warper on Mar 8, 2020.
             Slain by a jackal (3 damage)
             ... on level 1 of the Dungeon.
             The game lasted 00:04:34 (69 turns).

Dustman the Grasshopper (Barachi Warper)              Turns: 69, Time: 00:04:34

Health: 0/17       AC:  3    Str: 12    XL:     1   Next: 80%
Magic:  3/3        EV: 12    Int: 13    God:
Gold:   0          SH:  0    Dex: 11    Spells: 4/4 levels left

rFire    . . .     SeeInvis .   a - +0 falchion
rCold    . . .     Gourm    .   (no shield)
rNeg     . . .     Faith    .   b - +0 leather armour
rPois    .         Spirit   .   (no helmet)
rElec    .         Reflect  .   (no cloak)
rCorr    .         Harm     .   (no gloves)
MR       .....                  (no boots)
Stlth    +.........             (no amulet)
HPRegen  0.05/turn              (no ring)
MPRegen  0.08/turn              (no ring)

@: can't hop, flying (expiring), slow
A: +LOS, swims, slowness 1, strong legs 1
a: Hop


You were on level 1 of the Dungeon.
You were not hungry.

You visited 1 branch of the dungeon, and saw 1 of its levels.

Inventory:

Hand Weapons
 a - a +0 falchion (weapon)
Missiles
 e - 5 boomerangs of dispersal (quivered)
Armour
 b - a +0 leather armour (worn)
Scrolls
 d - a scroll of blinking
Comestibles
 f - a ration


   Skills:
 + Level 2.5 Fighting
 + Level 2.5 Long Blades
 - Level 1.0 Throwing
 + Level 1.4 Armour
 + Level 2.3 Dodging
 + Level 2.3 Spellcasting
   Level 3.2 Translocations


You had 4 spell levels left.
You didn't know any spells.
Your spell library contained the following spells:

 Spells                   Type           Power        Failure   Level  Hunger
 Blink                    Tloc           N/A          12%         2    ###....
 Shroud of Golubria       Chrm/Tloc      #.....       24%         2    ###....
 Gell's Gravitas          Tloc           ##........   24%         3    ####...
 Lesser Beckoning         Tloc           ##........   24%         3    ####...
 Teleport Other           Tloc           ##......     24%         3    ####...
 Passage of Golubria      Tloc           N/A          63%         4    #####..


Dungeon Overview and Level Annotations

Branches:
Dungeon (1/15)

Altars:


Innate Abilities, Weirdness & Mutations

You can be seen from farther away. (+LOS)
You can swim through water.
You cover ground slowly.
You can hop short distances.


Message History

You hit the dart slug.
You kill the dart slug!
There is a large open door here.
A goblin comes into view.
The goblin shouts!
Hop to where?
Press: ? - help, Dir - move target cursor Boing!
The jackal closely misses you.
You riposte.
You hit the jackal.
The jackal is moderately wounded.
The jackal bites you but does no damage.
You hit the goblin but do no damage. The goblin barely misses you.
You closely miss the goblin. The goblin misses you.
Careful!
You are starting to lose your buoyancy.
The goblin barely misses you.
There is a large open door here.
There is a staircase leading out of the dungeon here.
Are you sure you want to leave the Dungeon?
This will make you lose the game!
The jackal bites you but does no damage.
The goblin hits you but does no damage. The jackal bites you.
You die...

. ####. .....
.....g ......
###### .......
#..§.#
.......###†≈§§###
.......'.'§≈§§h@#
.......'.'§≈§§g.#
##########§§§§###
#....# ######


You could see a jackal and a goblin.

Vanquished Creatures
  A dart slug (D:1)
  2 jackals (D:1)
3 creatures vanquished.

Notes
Turn   | Place    | Note
-------+----------+-------------------------------------------
     0 | D:1      | Dustman the Barachi Warper began the quest for the Orb.
     0 | D:1      | Reached XP level 1. HP: 17/17 MP: 3/3
    69 | D:1      | Slain by a jackal

Levels and vault maps discovered:
D:1:      lightli_arrival_lavapool, layout_basic, minmay_gold_behind_fungi,
          minmay_misc_feat_tower, nemelex_xobeh_ov_fountains_minmay

Action                   || total
-------------------------++-------
Melee: Falchion          ||    24
 Abil: Hop               ||     1
  Use: Potion            ||     1
Armor: Leather armour    ||     9
Dodge: Dodged            ||    23
       Rpst.: Falchion   ||     4

Table legend:
 A = Non-vault XP
 B = Vault XP
 C = Vault XP percentage of total XP
 D = Non-vault monster count
 E = Vault monster count
 F = Vault count percentage of total count
                 A         B        C        D         E       F
            +---------+---------+-------+---------+---------+-------
      Total |       8 |       0 |   0.0 |       3 |       0 |   0.0
            +---------+---------+-------+---------+---------+-------
        D:1 |       8 |       0 |   0.0 |       3 |       0 |   0.0
            +---------+---------+-------+---------+---------+-------
